 Dungeon Crawl Stone Soup version 0.28.0-1-gb440e238dd (webtiles) character file.

Game seed: 17664339631081183004

229398 Morbidden the Covert (level 18, -21/204 HPs)
             Began as a Demonspawn Air Elementalist on Feb 22, 2022.
             Was the Champion of Cheibriados.
             Demolished by a vault warden (26 damage)
             ... on level 1 of the Vaults.
             The game lasted 01:31:34 (45380 turns).

Morbidden the Covert (Demonspawn Air Elementalist) Turns: 45380, Time: 01:31:34

Health: -21/204    AC: 31    Str: 30    XL:     18   Next: 73%
Magic:  0/34       EV: 15    Int: 34    God:    Cheibriados [******]
Gold:   1422       SH: 22    Dex: 36    Spells: 19/42 levels left

rFire   . . .      SeeInvis .   a - +8 dagger of Meagg {spect, rPois rF- rC++}
rCold   + + +      Faith    .   U - +1 tower shield {rC+}
rNeg    . . .      Spirit   +   n - +3 plate armour
rPois   +          Reflect  .   w - +0 helmet
rElec   .          Harm     .   D - +2 cloak
rCorr   +          Rampage  .   i - +1 pair of gloves
Will    ++...                   M - +0 pair of boots
Stlth   ..........              W - amulet of magic regeneration
HPRegen 0.44/turn               J - ring "Xuareow" {Will+ rCorr AC+4 Slay+3}
MPRegen 0.88/turn               f - ring "Beyt" {rF+ Str+2 Dex+6 Slay+3}

@: berserking, studying Stealth, very slow
A: icy blue scales 2, demonic guardian 2, magic shield, magic regeneration,
magic link, weakness stinger 2
}: 1/15 runes: decaying
a: Renounce Religion, Bend Time, Temporal Distortion, Slouch, Step From Time


You were on level 1 of the Vaults.
You worshipped Cheibriados.
Cheibriados was exalted by your worship.
You visited 8 branches of the dungeon, and saw 33 of its levels.
You also visited: Ice Cave.

You collected 3454 gold pieces.
You spent 2032 gold pieces at shops.

Inventory:

Hand Weapons
 a - the +8 dagger of Meagg (weapon) {spect, rPois rF- rC++}
   (You found it on level 2 of the Dungeon)

   When its wielder attacks, the weapon's spirit leaps out and strikes again.
   The spirit shares a part of any damage it takes with its wielder.
   rF:        It makes you vulnerable to fire.
   rC:        It greatly protects you from cold.
   rPois:     It protects you from poison.
 b - a +0 quick blade of venom
 j - a +2 scimitar of flaming
 I - a +6 short sword of venom
Missiles
 h - 10 boomerangs
 r - 44 poisoned darts (quivered)
 L - 2 throwing nets
 O - 8 curare-tipped darts
 R - 3 silver boomerangs
Armour
 i - a +1 pair of gloves (worn)
 k - the +4 skin of Zhor {*Englaciate rC+++ SInv}
   (You found it in an ice cave)

   It radiates cold, occasionally slowing all nearby creatures who are not
   resistant to cold.
   rC:        It renders you almost immune to cold.
   SInv:      It lets you see invisible.
 n - a +3 plate armour (worn)
 q - a +2 ring mail of poison resistance
 w - a +0 helmet (worn)
 D - a +2 cloak (worn)
 M - a +0 pair of boots (worn)
 U - a +1 tower shield of cold resistance (worn)
Jewellery
 e - a ring of protection from fire
 f - the ring "Beyt" (right hand) {rF+ Str+2 Dex+6 Slay+3}
   (You found it on level 3 of the Dungeon)

   [ring of dexterity]

   Str:       It affects your strength (+2).
   Dex:       It affects your dexterity (+6).
   Slay:      It affects your accuracy & damage with ranged weapons and melee
   (+3).
   rF:        It protects you from fire.
 J - the ring "Xuareow" (left hand) {Will+ rCorr AC+4 Slay+3}
   (You found it on level 13 of the Dungeon)

   [ring of protection]

   AC:        It affects your AC (+4).
   Slay:      It affects your accuracy & damage with ranged weapons and melee
   (+3).
   rCorr:     It protects you from acid and corrosion.
   Will:      It increases your willpower.
 W - an amulet of magic regeneration (around neck)
Wands
 d - a wand of paralysis (9)
 t - a wand of polymorph (10)
 G - a wand of mindburst (41)
 H - a wand of iceblast (10)
 K - a wand of digging (7)
 X - a wand of flame (20)
 Y - a wand of acid (11)
Scrolls
 g - 2 scrolls of enchant armour
 l - 4 scrolls of teleportation
 p - 4 scrolls of magic mapping
 s - 4 scrolls of identify
 u - 5 scrolls of enchant weapon
 v - 2 scrolls of amnesia
 x - a scroll of blinking
 Q - 4 scrolls of silence
 Z - 2 scrolls of fog
Potions
 c - a potion of brilliance
 m - 8 potions of lignification
 o - 5 potions of might
 z - 3 potions of invisibility
 A - 3 potions of heal wounds
 B - 15 potions of curing
 C - a potion of magic
 E - a potion of cancellation
 N - 3 potions of ambrosia
 P - a potion of mutation
 S - a potion of berserk rage
 T - a potion of flight
Miscellaneous
 y - a phantom mirror (inert)
 F - a tin of tremorstones (1/2)
 V - a condenser vane (inert)


   Skills:
 * Level 10.9 Fighting
 - Level 10.0(10.8) Short Blades
 * Level 6.5(9.1) Long Blades
 + Level 3.1 Throwing
 + Level 7.8 Armour
 * Level 10.0 Dodging
 * Level 14.3 Stealth
 * Level 7.9 Shields
 * Level 12.7 Spellcasting
 + Level 9.5 Conjurations
 * Level 6.1 Necromancy
 * Level 4.9 Transmutations
 + Level 11.4 Air Magic
 * Level 12.7 Invocations
 * Level 5.8 Evocations


You had 19 spell levels left.
You knew the following spells:

 Your Spells              Type           Power      Damage    Failure   Level
a - Airstrike             Air            39%        N/A       12%         4
b - Lightning Bolt        Conj/Air       37%        1d56      43%         5
c - Shock                 Conj/Air       100%       1d9       1%          1
d - Vampiric Draining     Necr           59%        2d10      30%         3
e - Necromutation         Tmut/Necr      28%        N/A       100%        8
z - Static Discharge      Conj/Air       75%        N/A       2%          2

Your spell library contained the following spells:

 Spells                   Type           Power      Damage    Failure   Level
 Magic Dart               Conj           100%       1d8       2%          1
 Searing Ray              Conj           100%       2d8       3%          2
 Swiftness                Air            78%        N/A       3%          3
 Corpse Rot               Necr/Air       100%       N/A       5%          2
 Animate Skeleton         Necr           100%       N/A       10%         1
 Pain                     Necr           100%       1d9       10%         1
 Foxfire                  Conj/Fire      100%       2x1d9     19%         1
 Poisonous Vapours        Pois/Air       100%       N/A       19%         2
 Mephitic Cloud           Conj/Pois/Air  62%        N/A       22%         3
 Apportation              Tloc           42%        N/A       77%         1
 Freeze                   Ice            84%        1d10      77%         1
 Flame Wave               Conj/Fire      52%        2d11      87%         4
 Fulminant Prism          Conj/Hex       26%        3d14      87%         4
 Hailstorm                Conj/Ice       52%        3d12      87%         4
 Call Imp                 Summ           21%        N/A       88%         2
 Scorch                   Fire           42%        2d7       88%         2
 Ignite Poison            Fire/Tmut/Pois 32%        N/A       89%         3
 Freezing Cloud           Conj/Ice/Air   31%        6-21      90%         5
 Excruciating Wounds      Necr           29%        N/A       95%         5
 Frozen Ramparts          Ice            42%        1d6       98%         3
 Portal Projectile        Hex/Tloc       42%        N/A       98%         3
 Tukima's Dance           Hex            21%        N/A       98%         3
 Petrify                  Tmut/Erth      38%        N/A       99%         4
 Blade Hands              Tmut           26%        N/A       99%         5
 Olgreb's Toxic Radiance  Pois           21%        N/A       100%        4
 Passage of Golubria      Tloc           21%        N/A       100%        4
 Alistair's Intoxication  Tmut/Pois      25%        N/A       100%        5
 Metabolic Englaciation   Hex/Ice        10%        N/A       100%        5
 Yara's Violent Unravell  Hex/Tmut       19%        3d9       100%        5
 Dispersal                Tloc           10%        N/A       100%        6
 Statue Form              Tmut/Erth      25%        N/A       100%        6
 Summon Cactus Giant      Summ           10%        N/A       100%        6
 Ozocubu's Refrigeration  Ice            10%        4d7       100%        7
 Borgnjor's Revivificati  Necr           29%        N/A       100%        8
 Disjunction              Tloc           10%        N/A       100%        8
 Ignition                 Fire           10%        3d5       100%        8
 Maxwell's Capacitive Co  Air            39%        ∞         100%        8
 Death's Door             Necr           29%        N/A       100%        9


Dungeon Overview and Level Annotations

Branches:
Dungeon (15/15)            Temple (1/1) D:7            Lair (6/6) D:9
  Swamp (4/4) Lair:3       Spider (2/4) Lair:3        Slime (0/5) Lair:6
    Orc (2/2) D:9             Elf (2/3) Orc:2        Vaults (1/5) D:14
 Depths (0/4) D:15          IceCv (visited)

Altars:
Cheibriados
Fedhas
Gozag
Kikubaaqudgha
Makhleb
Okawaru
Qazlal
Ru
Sif Muna
Uskayaw
Vehumet
Zin
Beogh
Jiyva

Shops:
D:4 =   D:6 :   Orc:2 :([?*   Elf:1 !   Vaults:1 [

Annotations:
Lair:2 3 runed translucent doors, vilexy's ghost, journeyman GrCj
Spider:2 2 transporters, exclusion: oklob plant, Arachne; robotcentaur's ghost, adept TeNe
Elf:2 3 runed translucent doors, exclusion: shining eye


Innate Abilities, Weirdness & Mutations

You are mostly covered in icy blue scales. (AC +3)
A demonic guardian rushes to your aid.
When hurt, damage is shared between your health and your magic reserves.
You regenerate magic rapidly.
When low on magic, you restore magic in place of health.
You have a tail ending in a sharp stinger.


Message History

* * * LOW HITPOINT WARNING * * *
The lindwurm barely misses you. You block the lindwurm's attack.
The ironbound convoker hits you but does no damage.
The vault warden closely misses you.
You puncture the yaktaur captain!
You kill the yaktaur captain!
Cheibriados appreciates the change of pace.
The yaktaur wields a +0 arbalest.
The yaktaur shoots a bolt.
The bolt hits you!
* * * LOW HITPOINT WARNING * * *
A demonic guardian appears!
The yaktaur wields a +0 arbalest.
The yaktaur shoots a bolt.
The bolt hits you!
* * * LOW HITPOINT WARNING * * *
You block the yaktaur's attack.
You puncture the lindwurm!
The lindwurm is moderately wounded.
Your +8 dagger of Meagg {spect, rPois rF- rC++} closely misses the lindwurm.
The ironbound convoker points at the yaktaur and mumbles some strange words.
The yaktaur seems to grow stronger.
The lindwurm breathes flames at you.
The blast of flame hits you but does no damage.
The vault warden hits you from afar with a +0 glaive!!
* * * LOW HITPOINT WARNING * * *
The yaktaur shoots a bolt.
The bolt hits your +8 dagger of Meagg {spect, rPois rF- rC++}!
Your spectral weapon shares its damage with you!
* * * LOW HITPOINT WARNING * * *
The yaktaur shoots a bolt.
The bolt barely misses your +8 dagger of Meagg {spect, rPois rF- rC++}.
You block the bolt. You block the yaktaur's attack.
You impale the ironbound convoker!!
The ironbound convoker is moderately wounded.
Your +8 dagger of Meagg {spect, rPois rF- rC++} hits the ironbound convoker.
Your soul eater hits the ironbound convoker!!
You block the ironbound convoker's attack.
The vault warden completely misses you. The lindwurm bites you.
* * * LOW HITPOINT WARNING * * *
You block the lindwurm's attack.
The lindwurm claws you but does no damage.
The vault warden hits you with a +2 war axe of flaming!!
You die...

#.#......# #.#....).#
#......# #......# #
#......# .# #......#
..# #......# ..
###'############+#####
#............c@p......
#......).....p(kp.....
#............3cc......
#.....................
#.....................
#.....................
######################


You could see 2 vault wardens, a lindwurm, an ironbound convoker (ally target),
3 yaktaurs, a friendly soul eater (summoned) and a friendly +8 dagger of Meagg
{spect, rPois rF- rC++} (summoned).

Vanquished Creatures
  Jorgrun (Orc:2)
  Rupert (Orc:2)
  A deep elf master archer (Elf:1)
  4 thorn hunters
  Donald (Swamp:2)
  An emperor scorpion (Spider:2)
  A deep elf sorcerer (Vaults:1)
  2 ghost moths
  An orc warlord (Orc:2)
  2 broodmothers
  2 vault wardens (Vaults:1)
  A stone giant (D:15)
  5 ironbound preservers (Vaults:1)
  6 very ugly things (Vaults:1)
  2 ironbound thunderhulks (Vaults:1)
  2 eleionomae
  A spark wasp (Spider:1)
  A deep elf demonologist (Elf:1)
  6 bunyips
  4 dire elephants (Vaults:1)
  Snorg (Orc:2)
  3 yaktaur captains (Vaults:1)
  A deep elf high priest (Elf:1)
  3 shambling mangroves
  Fannar (Lair:1)
  30 hydras
  3 ghost crabs
  Erolcha (D:12)
  11 vault guards
  3 boulder beetles
  10 centaur warriors
  3 catoblepae
  A spriggan air mage (Swamp:4)
  11 alligators
  An ironbound frostheart (Vaults:1)
  2 ogre magi
  14 two-headed ogres
  A deep troll shaman (Lair:6)
  2 tengu warriors (D:15)
  9 death yaks
  9 dancing weapons
  4 orc high priests (Orc:2)
  5 deep elf knights
  A pharaoh ant (Spider:2)
  Sonja (Lair:6)
  3 steelbarb worms
  A sun moth (Spider:2)
  2 goliath frogs
  5 spriggan druids
  7 bog bodies
  12 deep elf archers
  4 lindwurms (Vaults:1)
  11 swamp dragons
  8 deep trolls (Vaults:1)
  2 orb spiders (Spider:2)
  4 wizards (Vaults:1)
  3 ironbound convokers (Vaults:1)
  12 deep elf zephyrmancers
  2 oklob plants (Lair:3)
  An orc knight (Orc:1)
  13 deep elf pyromancers
  8 wolf spiders
  4 orc sorcerers
  13 ugly things
  5 cyclopes
  14 elephants
  2 manticores (D:13)
  2 will-o-the-wisps (Swamp:3)
  2 centaur zombies
  A moth of wrath (Spider:2)
  Maurice (D:11)
  7 vault sentinels (Vaults:1)
  An ice statue (IceCv)
  2 torpor snails
  3 black mambas
  16 cane toads
  A rime drake (Lair:6)
  2 kobold demonologists (D:9)
  7 komodo dragons
  5 anaconda simulacra (IceCv)
  2 efreet
  2 unseen horrors
  2 demonic crawlers
  A freezing wraith (D:10)
  4 yaktaurs (Vaults:1)
  A tengu conjurer (D:13)
  3 meliai (D:15)
  10 hornets
  3 polar bears
  3 trolls
  Grinder (D:5)
  6 tyrant leeches
  14 slime creatures
  16 tarantellas
  17 blink frogs
  6 dream sheep (Lair:6)
  A blink frog (shapeshifter) (D:13)
  2 centaur simulacra (D:10)
  11 culicivoras
  2 air elementals (Elf:1)
  5 spriggans
  3 wraiths
  2 dire elephant simulacra (IceCv)
  11 jumping spiders
  6 wyverns
  2 shadows
  A water elemental (Elf:1)
  41 yaks
  5 basilisks
  2 steam dragons
  12 vampire mosquitoes
  18 redbacks
  Menkaure (D:5)
  3 death yak simulacra (IceCv)
  6 wargs
  21 water moccasins
  14 swamp worms
  An acid dragon (D:13)
  4 black bears
  8 swamp drakes
  A sky beast (D:7)
  25 orc warriors
  The ghost of Miritol the Cudgeller, an amateur PaMo of the Shining One (D:3)
  7 ogres
  A necrophage (D:6)
  15 centaurs
  16 wolves
  5 kobold brigands
  11 bullfrogs
  3 scorpions
  3 earth elementals (Elf:1)
  3 gnoll sergeants
  5 two-headed ogre simulacra (IceCv)
  A water moccasin zombie (D:5)
  A cane toad simulacrum (IceCv)
  A water moccasin skeleton (D:5)
  15 killer bees (D:9)
  2 elephant simulacra (IceCv)
  7 howler monkeys
  4 wights (D:7)
  2 electric eels
  A jelly (D:7)
  2 hounds
  3 quasits (D:3)
  21 orc priests
  2 bullfrog skeletons
  2 centaur skeletons (D:7)
  An iguana (D:7)
  24 orc wizards
  4 hell rats (D:8)
  3 polar bear simulacra (IceCv)
  A statue (D:3)
  5 troll simulacra (IceCv)
  7 spriggan simulacra (IceCv)
  A wolf simulacrum (IceCv)
  A hound skeleton (D:5)
  A howler monkey zombie (D:8)
  16 gnolls
  A howler monkey skeleton (D:2)
  3 adders
  6 naga simulacra (IceCv)
  7 river rats (D:8)
  5 white imps
  9 ufetubi
  An adder zombie (D:5)
  A worm (D:3)
  2 dart slugs
  43 orcs
  4 bats
  6 endoplasms
  3 goblins
  4 hobgoblins
  2 jackals (D:1)
  22 kobolds
  10 quokkas
  3 training dummies (Elf:1)
  7 ball pythons
  7 frilled lizards
  21 rats
  11 briar patches (Swamp:4)
1037 creatures vanquished.

Vanquished Creatures (collateral kills)
  the Lernaean hydra (Swamp:4)
  A bunyip (Swamp:3)
  A centaur warrior (D:13)
  A dancing weapon (Elf:2)
  An orb spider (Spider:2)
  2 deep elf zephyrmancers (Elf:2)
  A wolf spider (Spider:2)
  A cane toad (Lair:2)
  A tyrant leech (Swamp:3)
  A redback (Spider:2)
  An ogre (D:15)
  A gnoll sergeant (D:3)
  A wight (D:7)
  2 orc priests
  A gnoll (D:3)
  2 orcs (D:9)
19 creatures vanquished.

Vanquished Creatures (others)
  A deep elf knight (Elf:1)
  A deep elf archer (Elf:1)
  A deep elf pyromancer (Elf:1)
  A jumping spider (Spider:1)
  A centaur simulacrum (D:15)
  An ufetubus (IceCv)
  A briar patch (Swamp:4)
  63 fungi
  67 plants
137 creatures vanquished.

Grand Total: 1193 creatures vanquished

Notes
Turn   | Place    | Note
-------+----------+-------------------------------------------
     0 | D:1      | Morbidden the Demonspawn Air Elementalist began the quest
                  | for the Orb.
     0 | D:1      | Reached XP level 1. HP: 13/13 MP: 3/3
   378 | D:1      | Gained mutation: A weak demonic guardian rushes to your
                  | aid. [demonic ancestry]
   378 | D:1      | Reached XP level 2. HP: 16/19 MP: 0/5
   501 | D:1      | Learned a level 2 spell: Static Discharge
   727 | D:1      | Found a faded altar of an unknown god.
  1142 | D:2      | Reached skill level 2 in Stealth
  1142 | D:2      | Gained mutation: You regenerate magic rapidly. [demonic
                  | ancestry]
  1142 | D:2      | Reached XP level 3. HP: 21/24 MP: 0/6
  1294 | D:2      | Identified the +8 dagger of Meagg {spect, rPois rF- rC++}
  1450 | D:2      | Found an opulent altar of Gozag.
  1695 | D:3      | Noticed a gnoll sergeant
  1704 | D:2      | Gained mutation: A demonic guardian rushes to your aid.
                  | [demonic ancestry]
  1704 | D:2      | Reached XP level 4. HP: 16/31 MP: 8/8
  1975 | D:3      | Reached skill level 1 in Fighting
  2099 | D:3      | Found a transporter.
  2103 | D:3      | Noticed Miritol's ghost (amateur PaMo)
  2135 | D:3      | Found a transporter.
  2175 | D:3      | Found a radiant altar of Vehumet.
  2175 | D:3      | Noticed a charred statue
  2182 | D:3      | Killed a charred statue
  2183 | D:3      | Reached skill level 1 in Short Blades
  2183 | D:3      | Reached XP level 5. HP: 30/37 MP: 9/9
  2442 | D:3      | Identified the ring "Beyt" {rF+ Str+2 Dex+6 Slay+3}
  2867 | D:3      | Killed Miritol's ghost
  2868 | D:3      | Gained mutation: When hurt, damage is shared between your
                  | health and your magic reserves. [demonic ancestry]
  2868 | D:3      | Reached XP level 6. HP: 39/43 MP: 9/11
  3061 | D:4      | Found Viomuk's Jewellery Shoppe.
  3565 | D:4      | Gained mutation: You are partially covered in icy blue
                  | scales. (AC +2) [demonic ancestry]
  3565 | D:4      | Reached XP level 7. HP: 50/50 MP: 8/12
  3708 | D:5      | Entered Level 5 of the Dungeon
  3743 | D:5      | Noticed Grinder
  3751 | D:5      | Killed Grinder
  3752 | D:5      | Reached skill level 3 in Stealth
  3753 | D:5      | Reached skill level 1 in Armour
  3818 | D:5      | Noticed Menkaure
  3827 | D:5      | Killed Menkaure
  3895 | D:5      | Learned a level 4 spell: Airstrike
  3942 | D:5      | Reached XP level 8. HP: 53/57 MP: 11/14
  4536 | D:6      | Found Rostedd's Book Shop.
  4709 | D:6      | Found an ancient bone altar of Kikubaaqudgha.
  4715 | D:6      | Found a sacrificial altar of Ru.
  4719 | D:6      | Found a shimmering blue altar of Sif Muna.
  4814 | D:6      | Reached skill level 4 in Stealth
  5032 | D:6      | Reached skill level 5 in Air Magic
  5032 | D:6      | Reached XP level 9. HP: 64/65 MP: 14/16
  5320 | D:7      | Found a staircase to the Ecumenical Temple.
  5360 | Temple   | Entered the Ecumenical Temple
  5589 | Temple   | Became a worshipper of Cheibriados the Contemplative
  5667 | D:7      | Reached skill level 5 in Spellcasting
  5674 | D:7      | Reached skill level 5 in Short Blades
  5894 | D:7      | Found an iron altar of Okawaru.
  6087 | D:7      | Reached skill level 1 in Throwing
  6645 | D:7      | Identified the +4 longbow of Kismet {venom, Str+4}
  6806 | D:8      | Reached * piety under Cheibriados
  7178 | D:8      | Reached ** piety under Cheibriados
  7874 | D:8      | Reached XP level 10. HP: 69/72 MP: 18/18
  8056 | D:9      | Noticed an orange demon
  8151 | D:9      | Noticed a sun demon
  8155 | D:9      | Reached skill level 1 in Invocations
  8429 | D:9      | Reached skill level 5 in Conjurations
  8434 | D:9      | Reached *** piety under Cheibriados
  8744 | D:9      | Found a staircase to the Lair.
  9075 | D:9      | Found a staircase to the Orcish Mines.
  9078 | D:9      | Reached skill level 5 in Fighting
  9110 | D:9      | Reached **** piety under Cheibriados
  9317 | D:9      | Reached skill level 5 in Stealth
  9514 | Lair:1   | Entered Level 1 of the Lair of Beasts
  9521 | Lair:1   | Noticed a cane toad
  9528 | Lair:1   | Killed a cane toad
  9576 | Lair:1   | Reached XP level 11. HP: 23/80 MP: 7/20
 10338 | Lair:1   | Noticed Fannar
 10349 | Lair:1   | Killed Fannar
 10491 | Lair:1   | Reached skill level 6 in Stealth
 10855 | Lair:1   | Learned a level 5 spell: Lightning Bolt
 11069 | Lair:1   | Reached skill level 5 in Armour
 11401 | Lair:2   | Reached skill level 5 in Dodging
 11703 | Lair:2   | Reached ***** piety under Cheibriados
 11751 | Lair:2   | Found a runed translucent gate.
 11751 | Lair:2   | Found a runed translucent gate.
 11751 | Lair:2   | Found a runed translucent gate.
 12126 | Lair:2   | Identified the ring "Utif Fats" {EV+4 Dex+4}
 12126 | Lair:2   | Noticed a minotaur
 12466 | Lair:2   | Noticed vilexy's ghost (journeyman GrCj)
 12541 | Lair:3   | Noticed a bog body
 12547 | Lair:3   | Noticed a bog body
 12894 | Lair:3   | Found a staircase to the Swamp.
 12902 | Lair:2   | Killed a bog body
 12907 | Lair:2   | Killed a bog body
 12908 | Lair:2   | Reached XP level 12. HP: 33/87 MP: 15/22
 13299 | Lair:3   | Reached skill level 5 in Invocations
 13302 | Lair:3   | Noticed a death yak
 13307 | Lair:3   | Noticed a death yak
 13324 | Lair:3   | Noticed a death yak
 13336 | Lair:3   | Got the Catalogue of Envenoming and Confrontation
 13646 | Lair:3   | Found a hole to the Spider Nest.
 14223 | D:10     | Entered Level 10 of the Dungeon
 14284 | D:10     | Reached skill level 1 in Shields
 15857 | D:11     | Noticed a five-headed hydra
 15867 | D:11     | Killed a five-headed hydra
 15957 | D:11     | Noticed Maurice
 15963 | D:11     | Killed Maurice
 16086 | D:11     | You fall into a shaft and drop 1 floor!
 16346 | D:12     | Noticed a centaur warrior
 16364 | D:12     | Killed a centaur warrior
 16739 | D:12     | Reached ****** piety under Cheibriados
 16795 | D:12     | Noticed a two-headed ogre
 16803 | D:12     | Killed a two-headed ogre
 16968 | D:12     | Noticed Erolcha
 16977 | D:12     | Killed Erolcha
 17226 | D:13     | Noticed a boulder beetle
 17236 | D:13     | Killed a boulder beetle
 17262 | D:13     | Gained mutation: When low on magic, you restore magic in
                  | place of health. [demonic ancestry]
 17262 | D:13     | Reached XP level 13. HP: 63/95 MP: 24/24
 17438 | D:13     | Identified the ring "Xuareow" {Will+ rCorr AC+4 Slay+3}
 18021 | D:13     | Reached skill level 7 in Stealth
 19309 | D:6      | Bought a manual of Stealth for 880 gold pieces
 19579 | D:14     | Found a gate to the Vaults.
 20718 | D:15     | Entered Level 15 of the Dungeon
 21001 | D:15     | Reached XP level 14. HP: 80/103 MP: 22/26
 21718 | D:15     | Found a staircase to the Depths.
 21718 | D:15     | Noticed a stone giant
 21731 | D:15     | Killed a stone giant
 22862 | Lair:3   | Reached skill level 8 in Stealth
 23440 | Lair:3   | Found a blossoming altar of Fedhas.
 23801 | Lair:4   | Found a frozen archway.
 23812 | IceCv    | Entered an ice cave
 24003 | IceCv    | Found the +4 skin of Zhor {*Englaciate rC+++ SInv}
 24740 | IceCv    | Reached skill level 10 in Short Blades
 26499 | Lair:5   | Reached skill level 9 in Stealth
 26604 | Lair:5   | Reached skill level 1 in Long Blades
 27062 | Lair:6   | Entered Level 6 of the Lair of Beasts
 27127 | Lair:6   | Gained mutation: You have a small tail. [demonic ancestry]
 27127 | Lair:6   | Reached XP level 15. HP: 97/112 MP: 26/28
 27255 | Lair:6   | Reached skill level 10 in Air Magic
 27443 | Lair:6   | Reached skill level 10 in Stealth
 28211 | Lair:6   | Noticed Sonja
 28221 | Lair:6   | Found a staircase to the Slime Pits.
 28221 | Lair:6   | Found a viscous altar of Jiyva.
 28314 | Lair:6   | Killed Sonja
 28315 | Lair:6   | Reached skill level 10 in Spellcasting
 28583 | Lair:6   | Identified the ring of the Duke {Fly rElec Int+5}
 28784 | Orc:1    | Entered Level 1 of the Orcish Mines
 29422 | Orc:2    | Entered Level 2 of the Orcish Mines
 29446 | Orc:2    | Noticed Snorg
 29453 | Orc:2    | Reached skill level 10 in Invocations
 29453 | Orc:2    | Noticed Jorgrun
 29486 | Orc:2    | Killed Snorg
 29656 | Orc:2    | Noticed an orc warlord
 29672 | Orc:2    | Reached skill level 1 in Evocations
 29675 | Orc:2    | Killed an orc warlord
 29676 | Orc:2    | Reached skill level 11 in Stealth
 29998 | Orc:2    | Noticed Rupert
 30011 | Orc:2    | Killed Rupert
 30148 | Orc:2    | Killed Jorgrun
 30240 | Orc:2    | Found Zenulo's Magic Scroll Shop.
 30240 | Orc:2    | Found Daohusch's Antique Weapon Boutique.
 30243 | Orc:2    | Found Qyreigar's Book Boutique.
 30245 | Orc:2    | Found Cipsinn's Antique Armour Shop.
 30248 | Orc:2    | Bought a scroll of teleportation for 51 gold pieces
 30248 | Orc:2    | Bought a scroll of blinking for 127 gold pieces
 30392 | Orc:2    | Found Ryved Qoraurph's CLEARANCE SALE!.
 30519 | Orc:2    | Found a staircase to the Elven Halls.
 30661 | Orc:2    | Bought a Necronomicon for 504 gold pieces
 30670 | Orc:2    | Learned a level 8 spell: Necromutation
 30674 | Orc:2    | Learned a level 3 spell: Vampiric Draining
 30823 | Swamp:1  | Entered Level 1 of the Swamp
 31214 | Swamp:1  | Reached skill level 1 in Necromancy
 31479 | Swamp:1  | Reached XP level 16. HP: 120/120 MP: 11/30
 32228 | Swamp:2  | Noticed Donald
 32234 | Swamp:2  | Killed Donald
 32513 | Swamp:2  | Noticed a thorn hunter
 32526 | Swamp:2  | Killed a thorn hunter
 32527 | Swamp:2  | Reached skill level 1 in Transmutations
 32845 | Swamp:2  | Identified the ring of Werriu {Fly Dex+6}
 33466 | Swamp:3  | Reached skill level 5 in Shields
 33582 | Swamp:3  | Reached skill level 12 in Stealth
 34093 | Swamp:3  | Noticed a thorn hunter
 34100 | Swamp:3  | Killed a thorn hunter
 34286 | Swamp:4  | Entered Level 4 of the Swamp
 34446 | Swamp:4  | Noticed a thorn hunter
 34464 | Swamp:4  | Killed a thorn hunter
 34798 | Swamp:4  | Noticed a thorn hunter
 34812 | Swamp:4  | Killed a thorn hunter
 35527 | Swamp:4  | Noticed the 27-headed Lernaean hydra
 35837 | Swamp:4  | Killed the 27-headed Lernaean hydra
 35838 | Swamp:4  | Gained mutation: You are mostly covered in icy blue scales.
                  | (AC +3) [demonic ancestry]
 35838 | Swamp:4  | Reached XP level 17. HP: 105/127 MP: 18/32
 35945 | Swamp:4  | Reached skill level 10 in Fighting
 36011 | Swamp:4  | Reached skill level 5 in Long Blades
 36078 | Swamp:4  | Got a decaying rune of Zot
 36526 | Spider:1 | Entered Level 1 of the Spider Nest
 37399 | Spider:1 | You fall into a shaft and drop 1 floor!
 37468 | Spider:2 | Reached skill level 13 in Stealth
 38088 | Spider:2 | Found a transporter.
 38099 | Spider:2 | Noticed robotcentaur's ghost (adept TeNe)
 38842 | Spider:2 | Identified the ring "Zocupea" {MP+9 Int+6}
 38842 | Spider:2 | Noticed Arachne
 38884 | Spider:2 | Found a transporter.
 39171 | Elf:1    | Entered Level 1 of the Elven Halls
 39764 | Elf:1    | Reached skill level 5 in Necromancy
 40222 | Elf:1    | Noticed a deep elf master archer
 40235 | Elf:1    | Killed a deep elf master archer
 40243 | Elf:1    | Paralysed by an air elemental for 1 turns
 40246 | Elf:1    | Paralysed by an air elemental for 1 turns
 40863 | Elf:1    | Found Ruocien's Distillery.
 40867 | Elf:1    | Bought a potion of heal wounds for 70 gold pieces
 40867 | Elf:1    | Bought a potion of heal wounds for 70 gold pieces
 41013 | Elf:1    | Paralysed by an air elemental for 1 turns
 41018 | Elf:1    | Paralysed by an air elemental for 1 turns
 41484 | Elf:2    | Reached skill level 5 in Evocations
 42406 | Elf:2    | Found a runed translucent gate.
 42406 | Elf:2    | Found a runed translucent gate.
 42407 | Elf:2    | Found a runed translucent gate.
 42412 | Elf:2    | Gained mutation: You have a tail ending in a sharp stinger.
                  | [demonic ancestry]
 42412 | Elf:2    | Reached XP level 18. HP: 135/136 MP: 34/34
 43025 | Vaults:1 | Entered Level 1 of the Vaults
 43924 | Vaults:1 | Reached skill level 14 in Stealth
 44745 | Vaults:1 | Found Weufaph's Antique Armour Shop.
 44757 | Vaults:1 | Bought a pair of embroidered boots for 330 gold pieces
 44845 | Vaults:1 | Reached skill level 10 in Dodging
 45379 | Vaults:1 | HP: 8/204 [vault warden (19)]
 45380 | Vaults:1 | Demolished by a vault warden

Illustrated notes

Levels and vault maps discovered:
D:1:      dpeg_arrival_stone_temple_mockup, layout_loops_cross,
          hellmonk_ecumenical_altar_heavens_door, grunt_decor_mini_mirrors
D:2:      layout_basic, basic_altar
D:3:      layout_rooms, vehumet_statue, gammafunk_ghost_stat_death,
          serial_bayou_lagoon_a, minmay_tree_intersection
D:4:      layout_basic, serial_shops, kennysheep_mini
D:5:      layout_loops_ring, uniq_grinder, uniq_menkaure
D:6:      layout_gridville, grunt_temple_overflow_diamond, serial_shops,
          nicolae_shop_trees
D:7:      layout_basic, okawaru_trees_2, minmay_temple_entry_statues_fountains
D:8:      lemuel_ratsnest, layout_basic
D:9:      layout_roguey, erik_lair_orcish_takeover,
          minmay_orc_entry_temple_small
D:10:     layout_long_grid, grunt_ministairs_15, kb_rosetta
D:11:     layout_stronghold, uniq_maurice
D:12:     layout_irregular_city, uniq_erolcha
D:13:     layout_basic, minmay_holes, minmay_quadrilaterals
D:14:     layout_roguey, erik_vaults_2, minmay_misc_feat_ornament
D:15:     grunt_enter_depths_snipers, layout_rooms, st_stairs_6,
          serial_bayou_pond_b
Temple:   minmay_crystal_spiral_temple
Lair:1:   layout_cave_pods, lemuel_fruit_tree, serial_bayou_shore_b,
          grunt_megastairs_3, uniq_fannar
Lair:2:   layout_regular_city, maelrawn_ghost_gauntlet_escape
Lair:3:   layout_roguey, skrybe_swamp_entry_bodies,
          hellmonk_spider_entry_life_and_decay, columned_hall_lemuel,
          hangedman_tree_tricks, infiniplex_staircase_pool
Lair:4:   layout_cave_pods, portal_ice_cave_entry_pillars_2
Lair:5:   layout_gridlike
Lair:6:   grunt_lair_end_beastmaster, layout_misc_corridors, slime_altar_1,
          nicolae_quartered_pool_little, uniq_sonja
Swamp:1:  layout_basic_swamp, evilmike_swamp_ruin_wall, swamp_pool4
Swamp:2:  layout_basic_swamp, evilmike_swamp_ruin_house_2, st_swamp_mini,
          uniq_donald
Swamp:3:  layout_basic_swamp, hangedman_swamp_blocks, swamp_pool3,
          st_swamp_ruins_1, infiniplex_staircase_pool_2
Swamp:4:  swamp_old_school, layout_basic_swamp
Spider:1: layout_cave_pods
Spider:2: layout_cave_pods, nzn_ghost_randoct,
          hangedman_spider_tarantella_strand
Orc:1:    layout_caves, mines1_david
Orc:2:    st_orc_mages, layout_diamond_mine, nicolae_orc_damp_corner,
          nicolae_shop_clearance, uniq_jorgrun, uniq_rupert, uniq_snorg
Elf:1:    eino_elf_arrival_the_gate, layout_loops_cross, serial_shops,
          shop_fountains, evilmike_minifort, nicolae_elf_archery_training
Elf:2:    nicolae_elf_blades_splatter_lattice
          [nicolae_blade_entry_crossed_weapons], layout_rooms,
          nicolae_concentric_dashed_squares_mild
Vaults:1: v_pattern_5, nicolae_vaults_bisected_exclaves,
          nicolae_vaults_good_morning_starshine, hangedman_vaults_hat,
          v_misc_12, hangedman_vaults_stream, nicolae_vaults_mini_display_case,
          v_misc_23, nicolae_vaults_ring_of_whatevers, nicolae_vaults_rhombus_6,
          ontoclasm_vaults_hangar, layout_vaults_omnibox, serial_shops, shop

Skill      XL: |  1  2  3  4  5  6  7  8  9 10 11 12 13 14 15 16 17 18 |
---------------+-------------------------------------------------------+-----
Air Magic      | 3 4 5 6 7 8 9 10 11 | 11.4
Stealth        | 2 3 4 5 6 7 9 11 12 13 14 | 14.3
Fighting       | 1 2 3 4 5 6 7 8 9 10 | 10.9
Spellcasting   | 3 4 5 6 7 8 9 10 11 12 | 12.7
Short Blades   | 1 2 3 4 6 7 8 9 10 | 10.0
Dodging        | 2 3 4 5 6 7 8 9 10 | 10.0
Conjurations   | 2 3 4 5 6 7 8 9 |  9.5
Armour         | 1 2 3 4 5 6 7 |  7.8
Throwing       | 1 2 3 |  3.1
Invocations    | 3 4 6 7 9 10 11 12 | 12.7
Shields        | 2 4 5 6 7 |  7.9
Long Blades    | 1 3 4 5 6 |  6.5
Evocations     | 2 3 5 |  5.8
Necromancy     | 1 3 5 6 |  6.1
Transmutations | 3 4 |  4.9

Action                   |  1- 3 |  4- 6 |  7- 9 | 10-12 | 13-15 | 16-18 || total
-------------------------+-------+-------+-------+-------+-------+-------++-------
Melee: Short sword       |     8 |       |       |       |       |       ||     8
       Dagger            |    11 |    57 |   252 |   561 |  1060 |  1041 ||  2982
       Punch             |       |     1 |     5 |     2 |       |       ||     8
       Tailslap          |       |       |       |       |    78 |   249 ||   327
       Quick blade       |       |       |       |       |       |    70 ||    70
Throw: Boomerang         |       |       |    10 |    20 |    10 |       ||    40
       Dart              |       |       |       |     4 |    32 |    18 ||    54
 Cast: Shock             |    50 |    17 |    12 |       |       |     1 ||    80
       Airstrike         |       |       |       |    30 |   122 |   224 ||   376
       Lightning Bolt    |       |       |       |       |     8 |    17 ||    25
       Static Discharge  |       |       |       |       |       |     1 ||     1
Invok: Slouch            |       |       |       |     1 |     5 |     4 ||    10
       Bend Time         |       |       |       |     1 |       |       ||     1
       Step From Time    |       |       |       |       |       |     5 ||     5
Evoke: Wand              |       |       |     4 |       |     4 |    20 ||    28
       Tin of tremorston |       |       |       |       |     2 |     8 ||    10
       Phantom mirror    |       |       |       |       |     1 |     2 ||     3
       Condenser vane    |       |       |       |       |     1 |     4 ||     5
  Use: Scroll            |       |     3 |     3 |    11 |    18 |    12 ||    47
       Potion            |       |       |       |     2 |     3 |     9 ||    14
 Stab: Sleeping          |     1 |     2 |     7 |    12 |    16 |    19 ||    57
       Distracted        |       |     2 |     3 |    22 |    44 |    39 ||   110
       Petrifying        |       |       |       |       |     2 |       ||     2
       Petrified         |       |       |       |       |     2 |       ||     2
Armor: Robe              |     8 |       |       |       |       |       ||     8
       Ring mail         |       |    55 |   101 |    93 |    29 |       ||   278
       Chain mail        |       |       |       |   121 |    67 |       ||   188
       Skin              |       |       |       |     1 |     1 |       ||     2
       Plate armour      |       |       |       |       |   154 |    50 ||   204
       Animal skin       |       |       |       |       |    76 |   189 ||   265
Dodge: Dodged            |    23 |    56 |   135 |   323 |   507 |   499 ||  1543
Block: Buckler           |       |       |       |    80 |   179 |       ||   259
       Kite shield       |       |       |       |       |   233 |   362 ||   595
       Tower shield      |       |       |       |       |       |   447 ||   447
